Map: Canyon of Tribulation

Players

Alebay - Winner!

  • Race: Protoss Protoss
  • Spawn Location: 6:00

MattBarry - Winner!

  • Race: Zerg Zerg
  • League: Gold
  • Spawn Location: 7:00

PiPuxD - Winner!

  • Race: Terran Terran
  • League: Gold
  • Spawn Location: 6:00

Killer

  • Race: Terran Terran
  • Spawn Location: 3:00

Crown

  • Race: Protoss Protoss
  • Spawn Location: 12:00

Jayden

  • Race: Protoss Protoss
  • Spawn Location: 12:00

VOD

Have the link to the VOD?

Description

Time

  • Played on: Feb. 16, 2023, 2:17 a.m.
  • Length: 10:49
Show
View Real Time Build Order
Export as new Build Order

Alebay Protoss - Winner!

Build Orders:  

Get SALT Encoding   

  12  0:01  Probe  
  13  0:13  Probe  
  14  0:20  Pylon  
  14  0:25  Probe  
  15  0:38  Probe  
  15  0:42  Gateway  
  16  0:46  Assimilator  
  16  0:50  Probe  
  17  1:02  Probe  
  18  1:14  Gateway, Probe (Chrono Boost)  
  19  1:26  Probe (Chrono Boost)  
  19  1:28  Pylon  
  20  1:33  Cybernetics Core  
  20  1:35  Probe (Chrono Boost)  
  21  1:41  Probe  
  22  1:48  Assimilator  
  22  1:53  Probe  
  23  2:05  Probe  
  24  2:10  Nexus  
  24  2:11  Warp Gate (Chrono Boost)  
  24  2:17  Adept  
  24  2:20  Probe  
  27  2:27  Adept  
  29  2:32  Probe  
  30  2:46  Probe  
  31  2:52  Pylon  
  31  2:55  Pylon  
  31  3:11  Nexus  
  31  3:14  Probe  
  32  3:20  Stalker  
  32  3:24  Probe  
  35  3:34  Probe (Chrono Boost)  
  36  3:37  Probe (Chrono Boost)  
  37  3:46  Probe x2 (Chrono Boost)  
  39  3:50  Probe (Chrono Boost)  
  39  3:51  Probe (Chrono Boost)  
  41  4:00  Stalker x2  
  41  4:01  Probe (Chrono Boost)  
  47  4:06  Probe (Chrono Boost)  
  47  4:13  Probe (Chrono Boost)  
  49  4:18  Assimilator, Probe x2 (Chrono Boost)  
  49  4:20  Assimilator  
  49  4:23  Probe  
  51  4:26  Stalker x2  
  51  4:27  Probe x2  
  57  4:35  Probe  
  58  4:39  Probe x2  
  60  4:48  Probe  
  60  4:49  Gateway  
  60  4:50  Gateway  
  60  4:51  Probe  
  60  4:52  Twilight Council, Probe  
  63  4:58  Pylon  
  63  5:00  Probe  
  63  5:03  Probe  
  63  5:04  Probe  
  66  5:09  Stalker x2  
  66  5:12  Probe  
  71  5:16  Probe x2  
  71  5:19  Blink (Chrono Boost)  
  71  5:20  Pylon  
  73  5:22  Pylon  
  73  5:24  Probe  
  73  5:26  Pylon  
  74  5:28  Probe x2  
  76  5:37  Probe  
  76  5:40  Probe x2  
  79  5:43  Assimilator  
  79  5:44  Assimilator  
  79  5:49  Stalker x3, Probe  
  86  5:52  Probe  
  86  5:53  Probe  
  86  5:55  Forge  
  88  5:57  Forge  
  88  6:01  Probe  
  89  6:04  Probe  
  89  6:05  Probe  
  91  6:12  Stalker x4  
  99  6:22  Gateway x2  
  99  6:24  Gateway  
  99  6:25  Probe x3  
  102  6:44  Robotics Facility  
  102  6:48  Probe x3  
  105  7:10  Stalker x2  
  105  7:15  Pylon x2  
  109  7:17  Protoss Ground Weapons Level 1 (Chrono Boost)  
  109  7:20  Pylon  
  109  7:21  Pylon  
  109  7:22  Pylon, Protoss Ground Armor Level 1 (Chrono Boost)  
  109  7:24  Charge (Chrono Boost)  
  109  7:32  Warp Prism  
  111  7:42  Stalker x3  
  111  7:43  Stalker x4  
  123  8:23  Probe x3  
  126  8:50  Nexus  
  126  8:53  Pylon, Stalker x2  
  126  8:54  Stalker x5  
  126  8:55  Pylon  
  140  8:58  Pylon  
  140  9:02  Pylon  
  140  9:03  Pylon  
  140  9:05  Pylon  
  140  9:06  Gateway  
  140  9:07  Gateway  
  140  9:10  Gateway  
  140  9:16  Shield Battery  
  140  9:19  Shield Battery  
  140  9:21  Photon Cannon x2  
  140  9:23  Photon Cannon  
  140  9:25  Photon Cannon  
  140  9:26  Photon Cannon  
  140  9:29  Pylon  
  140  9:33  Stalker  
  140  9:34  Stalker x6  
  144  10:26  Stalker x6  
  144  10:27  Stalker x3  
Show
View Real Time Build Order
Export as new Build Order

MattBarry Zerg - Winner!

Build Orders: Hatch First 

Get SALT Encoding   

  12  0:03  Drone  
  13  0:13  Overlord  
  13  0:18  Drone  
  14  0:32  Drone x2  
  16  0:38  Drone  
  17  1:01  Hatchery  
  16  1:04  Extractor  
  16  1:10  Drone  
  16  1:14  Spawning Pool  
  16  1:16  Drone  
  16  1:22  Drone  
  17  1:27  Drone  
  18  1:37  Drone  
  19  1:46  Drone  
  20  2:02  Zergling x2  
  21  2:09  Queen  
  21  2:10  Extractor  
  21  2:12  Evolution Chamber, Overlord  
  21  2:15  Zergling x4  
  24  2:19  Metabolic Boost  
  25  2:23  Queen  
  25  2:24  Drone  
  28  2:33  Drone  
  29  3:03  Drone x3, Overlord  
  29  3:04  Overlord  
  32  3:07  Drone  
  33  3:24  Zergling x4  
  34  3:31  Overlord  
  34  3:36  Zergling x4  
  34  3:37  Drone x4  
  34  3:38  Drone  
  41  3:44  Extractor  
  41  3:47  Queen x2  
  44  4:15  Drone x3  
  44  4:16  Drone x4  
  50  4:31  Drone x3  
  52  4:43  Lair  
  50  4:55  Extractor  
  50  4:57  Extractor  
  48  5:03  Hatchery  
  48  5:06  Hatchery  
  46  5:07  Roach Warren, Drone x4  
  49  5:18  Drone  
  49  5:19  Drone  
  50  5:38  Extractor  
  50  5:41  Extractor  
  50  5:42  Queen  
  49  5:43  Queen  
  49  5:48  Drone x4  
  49  5:49  Drone x3  
  59  5:50  Drone  
  59  5:57  Drone  
  60  5:58  Overlord  
  60  5:59  Overlord  
  60  6:02  Extractor  
  59  6:04  Extractor  
  59  6:07  Spire  
  57  6:11  Spire  
  57  6:14  Drone x4  
  57  6:17  Drone x3  
  63  6:31  Drone x3  
  63  6:32  Drone x6  
  72  6:35  Drone  
  71  7:18  Mutalisk  
  71  7:19  Mutalisk x3  
  71  7:20  Overlord x2  
  71  7:21  Overlord  
  79  7:26  Spine Crawler  
  79  7:27  Spore Crawler  
  77  7:30  Spore Crawler  
  77  7:31  Mutalisk x2  
  80  7:48  Zerg Flyer Armor Level 1, Zerg Flyer Weapons Level 1  
  80  7:52  Drone x3  
  80  7:53  Drone, Overlord x2  
  80  7:54  Infestation Pit  
  80  7:55  Mutalisk x3  
  80  7:56  Mutalisk x3  
  95  8:11  Mutalisk x4  
  95  8:12  Mutalisk x3  
  109  8:21  Drone x3  
  109  8:23  Overlord x2  
  109  8:24  Overlord  
  112  8:40  Mutalisk  
  112  8:41  Mutalisk x5  
  124  8:59  Hive  
  124  9:02  Drone x2  
  126  9:03  Mutalisk x3, Evolution Chamber, Drone x2  
  126  9:04  Mutalisk, Evolution Chamber  
  126  9:07  Mutalisk  
  136  9:22  Overlord x4  
  136  9:23  Overlord  
  136  9:48  Drone x2  
  136  9:49  Drone x6  
  144  9:55  Drone x9  
  153  10:19  Mutalisk x3  
  153  10:20  Mutalisk x8  
Show
View Real Time Build Order
Export as new Build Order

PiPuxD Terran - Winner!

Build Orders: 2 Factory, Reaper Expand, Mech 

Get SALT Encoding   

  12  0:01  SCV  
  13  0:13  SCV  
  14  0:18  Supply Depot  
  14  0:25  SCV  
  15  0:40  SCV  
  15  0:41  Barracks  
  16  0:46  Refinery  
  16  0:52  SCV  
  17  1:04  SCV  
  18  1:16  SCV  
  19  1:29  Reaper  
  21  1:36  Orbital Command  
  20  1:44  Command Center  
  20  1:49  Refinery  
  20  1:56  Supply Depot  
  20  2:01  Barracks Reactor  
  20  2:05  SCV  
  21  2:17  SCV  
  22  2:24  Factory  
  23  2:30  SCV  
  23  2:42  SCV  
  24  2:54  SCV  
  25  3:05  Barracks Tech Lab  
  25  3:06  SCV  
  26  3:18  SCV  
  27  3:29  Factory, Hellion x2  
  27  3:33  Armory, SCV  
  32  3:35  Orbital Command  
  32  3:45  SCV  
  32  3:47  Supply Depot  
  33  3:51  Hellion x2  
  37  3:57  SCV  
  37  4:02  SCV  
  39  4:09  SCV  
  40  4:12  Hellion x2  
  44  4:20  Infernal Pre-Igniter  
  44  4:23  Siege Tank  
  47  4:24  SCV  
  47  4:25  SCV  
  47  4:27  Supply Depot  
  47  4:29  Supply Depot  
  49  4:35  Widow Mine x2  
  49  4:37  SCV  
  54  4:44  Terran Vehicle Weapons Level 1  
  54  4:49  SCV x2  
  56  5:01  SCV  
  51  5:25  SCV x2  
  47  5:29  Hellion x2, Siege Tank  
  47  5:31  Command Center  
  54  5:37  Factory, SCV x2  
  54  5:38  Factory  
  56  5:44  Armory  
  56  5:46  Refinery  
  56  5:47  Refinery  
  58  5:50  SCV x2  
  58  5:55  Hellion x2  
  62  6:02  Supply Depot x2, SCV x2  
  64  6:12  Siege Tank  
  64  6:14  SCV x2  
  69  6:24  Hellion x2  
  73  6:31  Supply Depot, SCV x2  
  73  6:32  Supply Depot  
  75  6:36  Terran Vehicle And Ship Armor Level 1  
  75  6:41  Factory Tech Lab x2  
  75  6:43  Terran Vehicle Weapons Level 2  
  73  7:12  Hellion x2, Siege Tank x3  
  73  7:14  Orbital Command  
  86  7:16  SCV  
  86  7:17  SCV  
  88  7:28  Supply Depot  
  88  7:29  SCV x2  
  90  7:30  Supply Depot  
  90  7:31  Supply Depot  
  90  7:38  Factory  
  90  7:40  Factory  
  90  7:43  SCV x3  
  93  7:46  Refinery  
  93  7:47  Refinery  
  79  8:22  Orbital Command  
  79  8:25  Siege Tank x2, Hellion x2  
  86  8:45  Command Center  
  86  8:52  SCV x3, Command Center  
  89  8:58  Thor x2  
  89  8:59  Thor  
  89  9:01  Hellion x2  
  111  9:04  SCV x2  
  111  9:05  SCV  
  111  9:06  Drilling Claws  
  114  9:16  SCV x2  
  114  9:17  SCV  
  117  9:28  SCV  
  117  9:29  SCV x2  
  120  9:37  Starport x2  
  120  9:40  SCV  
  120  9:41  SCV x2  
  120  9:44  Thor  
  129  9:53  SCV x3  
  129  9:58  Orbital Command  
  132  10:04  Orbital Command  
  132  10:15  SCV x3  
  135  10:23  Refinery  
  135  10:26  Refinery  
  135  10:27  SCV  
  135  10:28  SCV x2  
Show
View Real Time Build Order
Export as new Build Order

Killer Terran 

Build Orders:  

Get SALT Encoding   

  12  0:24  Supply Depot  
  12  0:27  Supply Depot  
  12  0:37  Refinery  
  12  0:50  Barracks  
  12  1:52  Barracks Tech Lab  
  12  2:07  Engineering Bay  
  12  2:56  Bunker  
  12  2:59  Marauder  
  14  3:08  Barracks  
Show
View Real Time Build Order
Export as new Build Order

Crown Protoss 

Build Orders:  

Get SALT Encoding   

  12  0:08  Probe (Chrono Boost)  
  13  0:18  Probe (Chrono Boost)  
  14  0:40  Pylon  
  14  0:41  Assimilator  
  14  1:07  Gateway  
  14  1:13  Assimilator  
  14  1:14  Pylon  
  14  1:15  Probe (Chrono Boost)  
  15  1:25  Probe (Chrono Boost)  
  16  1:47  Nexus  
  16  2:11  Assimilator  
  16  2:16  Assimilator  
  16  2:25  Cybernetics Core  
  14  2:37  Zealot  
  14  3:16  Stalker  
  15  3:31  Gateway  
  15  3:33  Forge  
  15  3:35  Pylon  
  15  3:40  Probe x2  
  17  3:50  Sentry (Chrono Boost)  
  17  3:52  Probe x2  
  17  3:54  Warp Gate (Chrono Boost)  
  21  4:04  Probe x2  
  23  4:16  Probe x2  
  25  4:21  Stalker  
  27  4:28  Probe  
  27  4:29  Probe  
  29  4:40  Probe  
  29  4:41  Probe  
  29  4:53  Probe  
  29  4:56  Twilight Council  
  29  4:59  Probe  
  31  5:03  Pylon  
  31  5:05  Probe  
  32  5:08  Stalker  
  34  5:31  Protoss Ground Weapons Level 1  
  34  5:34  Probe (Chrono Boost)  
  35  5:37  Probe (Chrono Boost)  
  36  5:46  Probe (Chrono Boost)  
  36  5:49  Probe (Chrono Boost)  
  38  5:52  Stalker  
  38  5:53  Sentry, Probe (Chrono Boost)  
  38  5:54  Probe (Chrono Boost)  
  44  6:00  Charge  
  44  6:01  Probe  
  44  6:03  Probe  
  46  6:20  Stalker x2  
  46  6:24  Robotics Facility  
  50  6:28  Gateway  
  50  6:32  Pylon  
  50  6:34  Probe  
  51  6:59  Zealot x2  
  55  7:20  Immortal  
  59  7:25  Stargate  
  59  7:31  Nexus  
  59  7:35  Stalker  
  61  7:50  Blink  
  55  8:19  Stalker x2  
  51  8:22  Immortal (Chrono Boost)  
  55  8:33  Fleet Beacon  
  55  8:37  Assimilator, Probe  
  55  8:38  Probe  
  57  8:44  Protoss Ground Armor Level 1 (Chrono Boost)  
  57  8:49  Probe  
  57  8:50  Probe  
  59  9:01  Observer (Chrono Boost)  
  60  9:14  Immortal  
  64  9:23  Gateway  
  64  9:25  Gateway  
  64  9:28  Stargate  
  64  9:34  Probe x2  
  64  9:37  Assimilator, Probe  
  67  9:46  Probe x2  
  67  9:50  Pylon  
  65  10:05  Observer  
  52  10:22  Stalker  
  52  10:23  Stalker x4  
Show
View Real Time Build Order
Export as new Build Order

Jayden Protoss 

Build Orders: 1 Gate Expand 

Get SALT Encoding   

  12  0:01  Probe  
  13  0:12  Pylon  
  13  0:14  Probe  
  14  0:26  Probe  
  15  0:31  Gateway  
  15  0:38  Probe  
  15  0:40  Assimilator  
  16  0:50  Probe  
  17  1:03  Probe  
  18  1:07  Assimilator  
  18  1:15  Probe  
  18  1:18  Cybernetics Core  
  19  1:27  Probe, Nexus  
  20  1:39  Probe  
  21  1:45  Pylon  
  21  1:51  Probe  
  22  2:02  Twilight Council  
  22  2:03  Probe  
  22  2:06  Zealot (Chrono Boost)  
  25  2:15  Probe  
  26  2:16  Gateway  
  26  2:27  Probe  
  27  2:30  Pylon  
  27  2:39  Probe  
  27  2:42  Zealot  
  30  2:44  Probe  
  31  2:51  Probe  
  31  3:03  Zealot  
  31  3:04  Probe  
  33  3:08  Forge  
  33  3:09  Zealot  
  33  3:10  Pylon  
  35  3:27  Probe  
  35  3:28  Probe  
  35  3:29  Charge  
  37  3:37  Assimilator  
  37  3:39  Probe  
  37  3:40  Probe  
  39  3:43  Photon Cannon  
  39  3:48  Photon Cannon  
  39  3:51  Warp Gate, Probe  
  39  3:52  Probe  
  39  3:53  Zealot x2  
  45  4:03  Probe  
  45  4:04  Gateway, Probe  
  45  4:09  Templar Archives  
  47  4:16  Probe  
  48  4:20  Zealot, Stalker  
  52  4:28  Probe  
  53  4:38  Probe  
  54  4:47  Stalker  
  54  4:50  Zealot  
  58  4:55  Probe  
  58  4:57  Probe  
  58  4:58  Pylon  
  52  5:17  Stalker  
  50  5:24  Stalker x2  
  52  5:29  Protoss Ground Armor Level 1  
  52  5:31  Probe  
  52  5:32  Probe  
  54  5:36  Robotics Facility  
  54  5:43  Probe  
  54  5:47  Stalker  
  54  5:48  Gateway  
  54  5:49  Gateway  
  57  5:53  Pylon  
  57  5:54  Stalker x2  
  61  6:05  Probe  
  61  6:08  Assimilator  
  61  6:11  Probe  
  63  6:14  Nexus  
  63  6:16  Blink  
  63  6:17  Stalker, Probe  
  66  6:23  Pylon, Probe  
  66  6:24  Stalker x2  
  71  6:28  Pylon  
  71  6:29  Probe  
  72  6:35  Probe  
  73  6:47  Zealot  
  73  6:54  Stalker (Chrono Boost)  
  75  6:59  Stalker (Chrono Boost)  
  59  7:12  Stalker x2 (Chrono Boost)  
  63  7:21  Stalker (Chrono Boost)  
  65  7:25  Photon Cannon  
  65  7:26  Stalker (Chrono Boost)  
  65  7:27  Probe  
  65  7:28  Photon Cannon  
  68  7:33  Gateway  
  68  7:34  Stalker  
  68  7:37  Gateway  
  70  7:39  Gateway, Probe  
  71  7:44  Assimilator  
  71  7:51  Immortal, Probe  
  76  7:56  Robotics Bay  
  76  7:59  Probe  
  76  8:03  Probe  
  78  8:11  Zealot x2, Probe  
  78  8:12  Zealot  
  85  8:15  Probe  
  82  8:20  Templar Archives  
  82  8:23  Photon Cannon, Probe  
  81  8:27  Probe  
  80  8:35  Probe  
  80  8:39  Probe  
  82  8:47  Probe  
  83  8:51  Probe  
  84  8:59  Zealot x3  
  84  9:00  Sentry x3  
  84  9:01  Stalker x2  
  100  9:03  Probe  
  100  9:06  Assimilator  
  101  9:14  Dark Shrine  
  101  9:15  Probe  
  102  9:17  Pylon  
  102  9:18  Pylon  
  102  9:21  Gateway  
  102  9:27  Gateway  
  102  9:28  Probe  
  109  9:37  High Templar  
  109  9:38  High Templar  
  113  9:40  Probe  
  114  9:52  Probe  
  115  9:58  Probe  
  116  10:04  Probe  
  114  10:08  Nexus  
  100  10:16  Probe  
  100  10:17  Zealot x2  
  100  10:18  Zealot x4  
  100  10:19  Zealot x2  
Tags
 
Add a new tag
Caveats
  • Supply blocks, unpowered buildings, or Contaminate may cause inaccurate times.
  • Supply counts are checked every 10 seconds.